 Dungeon Crawl Stone Soup version 0.30.1-1-g62c8e00024 (webtiles) character file.

Game seed: 12651389351397736435

51 tizbic2 the Grave Robber (level 3, -4/23 HPs)
             Began as a Ghoul Necromancer on July 17, 2023.
             Was a Follower of Hepliaklqana.
             Slain by a gnoll
             ... wielding a +0 flail
              (9 damage)
             ... on level 2 of the Dungeon.
             The game lasted 00:06:26 (1236 turns).

tizbic2 the Grave Robber (Ghoul Necromancer)        Turns: 1236, Time: 00:06:27

Health: -4/23      AC:  4    Str: 11    XL:     3   Next: 83%
Magic:  2/5        EV: 11    Int: 12    God:    Hepliaklqana [*.....]
Gold:   83         SH:  0    Dex:  9    Spells: 2/6 levels left

rFire   . . .        i - staff of cold
rCold   + + .        (no shield)
rNeg    + + +        c - +0 leather armour
rPois   ∞            (no helmet)
rElec   .            (no cloak)
rCorr   .            a - +0 pair of gloves
SInv    .            (no boots)
Will    .....        h - amulet of faith
Stlth   +            (no ring)
HPRegen 0.00/turn    (no ring)
MPRegen 0.09/turn

%: faith
@: inhibited regen
A: reduced essence, claws 1, cold resistance 1, negative energy resistance 3,
inhibited regeneration, torment resistance 2, devour on kill
a: Renounce Religion, Recall Ancestor, Ancestor Identity


You were on level 2 of the Dungeon.
You worshipped Hepliaklqana.
Hepliaklqana was aware of your devotion.
You visited 1 branch of the dungeon, and saw 2 of its levels.

You collected 83 gold pieces.

Inventory:

Missiles
 j - 2 poisoned darts
Armour
 a - a +0 pair of gloves (worn)
 c - a +0 leather armour (worn)
Magical Staves
 i - a staff of cold (weapon)
Jewellery
 h - an amulet of faith (around neck)
Scrolls
 g - a scroll of fog {unknown}
Potions
 b - a potion of degeneration {unknown}
 d - a potion of invisibility {unknown}
 e - a potion of mutation {unknown}
 f - a potion of haste {unknown}


   Skills:
 * Level 1.7 Armour
 - Level 1.7 Dodging
 - Level 2.1 Stealth
 + Level 2.1 Spellcasting
 * Level 4.6 Necromancy


You had 2 spell levels left.
You knew the following spells:

 Your Spells              Type           Power      Damage    Failure   Level
a - Necrotise             Necr           48%        1d6       5%          1
b - Vampiric Draining     Necr           12%        2d6       16%         3

Your spell library contained the following spells:

 Spells                   Type           Power      Damage    Failure   Level
 Animate Dead             Necr           12%        N/A       47%         4
 Agony                    Necr           12%        N/A       83%         5


Dungeon Overview and Level Annotations

Branches:
Dungeon (2/15)

Altars:
Hepliaklqana
Ru


Innate Abilities, Weirdness & Mutations

Your life essence is reduced to manifest your ancestor. (-10% HP)
You are immune to poison.
You have sharp fingernails.
Your flesh is cold resistant. (rC+)
You are immune to negative energy. (rN+++)
You do not regenerate when monsters are visible.
You are immune to unholy pain and torment.
You thrive by killing the living.


Message History

The gnoll closely misses you.
You hit the gnoll but do no damage.
The gnoll is lightly wounded.
The gnoll hits you with a +0 flail.
You swap places.
The gnoll barely misses Servia.
Servia hits the gnoll.
Casting: Necrotise (safe; 5% risk of failure)
Confirm with . or Enter, or press ? or * to list all spells.
Aiming: Necrotise (safe; 5% risk of failure)
Press: ? - help, Shift-Dir - straight line, f - gnoll
Aim: a gnoll, wielding a +0 flail (moderately wounded, ally target, chance to affect: 75%) Servia avoids your attack.
The gnoll struggles to resist.
The gnoll closely misses Servia.
Servia completely misses the gnoll.
The gnoll hits Servia with a +0 flail!
Servia hits the gnoll.
The gnoll hits Servia with a +0 flail!
Servia is destroyed!
There is a stone staircase leading up, spattered with blood here.
Things that are here:
a +0 flail; a gnoll corpse
Casting: Necrotise (safe; 5% risk of failure)
Confirm with . or Enter, or press ? or * to list all spells.
Aiming: Necrotise (safe; 5% risk of failure)
Press: ? - help, Shift-Dir - straight line, f/p - gnoll
Aim: a gnoll, wielding a +0 flail (moderately wounded, chance to affect: 75%)
The gnoll writhes in agony.
Casting: Necrotise (safe; 5% risk of failure)
Confirm with . or Enter, or press ? or * to list all spells.
Aiming: Necrotise (safe; 5% risk of failure)
Press: ? - help, Shift-Dir - straight line, f/p - gnoll
Aim: a gnoll, wielding a +0 flail (heavily wounded, chance to affect: 75%)
The gnoll writhes in agony.
The gnoll hits you with a +0 flail!
* * * LOW HITPOINT WARNING * * *
Unknown command.
The gnoll attacks as you move away! The gnoll hits you but does no damage.
The gnoll attacks as you move away! The gnoll closely misses you.
The gnoll attacks as you move away! The gnoll closely misses you.
The gnoll attacks as you move away! The gnoll barely misses you.
The gnoll attacks as you move away! The gnoll closely misses you.
There is a stone staircase leading up, spattered with blood here.
The gnoll attacks as you move away! The gnoll hits you with a +0 flail!
You die...

#.# #.# #.g.g.g).... #.#
#.# ############ #.# #.#
######### #.#
#.#########.>...... #.#
#............>.###[
#.######..########.##.##..
#.........# #.##.....
########g#########.#####..
#.@)........# ##.
############# ##


You could see a gnoll.

Vanquished Creatures
  A gnoll (D:2)
  2 giant cockroaches (D:1)
  A goblin (D:1)
  A hobgoblin (D:1)
  5 jackals (D:1)
  3 quokkas (D:1)
  4 ball pythons
  A frilled lizard (D:2)
  2 rats (D:1)
20 creatures vanquished.

Vanquished Creatures (collateral kills)
  A gnoll (D:2)
  A dart slug (D:2)
  A giant cockroach (D:1)
  A goblin (D:1)
  2 quokkas
  A ball python (D:2)
  A kobold (D:1)
8 creatures vanquished.

Vanquished Creatures (others)
  4 ancestors
4 creatures vanquished.

Grand Total: 32 creatures vanquished

Notes
Turn   | Place    | Note
-------+----------+-------------------------------------------
     0 | D:1      | tizbic2 the Ghoul Necromancer began the quest for the Orb.
     0 | D:1      | Reached XP level 1. HP: 14/14 MP: 2/2
    82 | D:1      | Found a faded altar of an unknown god.
   100 | D:1      | Prayed at the altar of an unknown god.
   100 | D:1      | Became a worshipper of Hepliaklqana the Forgotten
   100 | D:1      | Reached * piety under Hepliaklqana
   246 | D:1      | Reached XP level 2. HP: 17/18 MP: 0/3
   289 | D:1      | Reached skill level 1 in Armour
   747 | D:1      | Reached XP level 3. HP: 22/23 MP: 5/5
   813 | D:2      | Found a sacrificial altar of Ru.
   995 | D:2      | Learned a level 3 spell: Vampiric Draining
  1236 | D:2      | Slain by a gnoll

Illustrated notes

Levels and vault maps discovered:
D:1:      minmay_arrival_radiant_lines, layout_loops_ring,
          basic_ecumenical_altar, hangedman_decor_clover_reticule,
          nrook_campfire, dk_noncrumbling_3
D:2:      layout_loops_ring, basic_altar, fountainhead

Skill      XL: |  1  2 |
---------------+-------+-----
Armour         | 1 |  1.7
Spellcasting   | 2 |  2.1
Dodging        | |  1.7
Stealth        | |  2.1
Necromancy     | |  4.6

Action                     || total
---------------------------++-------
  Melee: Unarmed           ||    61
         Punch             ||     1
         Staff             ||    12
   Cast: Necrotise         ||    29
 Invoke: Recall Ancestor   ||     1
    Use: Potion            ||     1
         Scroll            ||     1
   Stab: Sleeping          ||     4
 Armour: Robe              ||    16
         Leather armour    ||     3
  Dodge: Dodged            ||    71
